 Dungeon Crawl Stone Soup version 0.29-a0-870-g2c972031a6 (webtiles) character file.

Game seed: 14078254950921897449

26791 Spectrina the Black Belt (level 13, 0/111 HPs)
             Began as a Pale Draconian Monk on July 16, 2022.
             Slain by a minotaur
             ... wielding a staff of cold
              (8 damage)
             ... in a Gauntlet on July 17, 2022.
             The game lasted 01:27:34 (8769 turns).

Spectrina the Black Belt (Pale Draconian Monk)      Turns: 8769, Time: 01:27:35

Health: 0/111      AC: 16    Str: 13    XL:     13   Next: 0%
Magic:  0/13       EV: 21    Int: 11    God:
Gold:   347        SH:  0    Dex: 34    Spells: 5/12 levels left

rFire   . . .      SeeInvis .     - Unarmed
rCold   . . .      Faith    .   (no shield)
rNeg    . . .      Spirit   +   (body armour unavailable)
rPois   .          Reflect  .   (helmet restricted)
rElec   .          Harm     .   x - +2 cloak
rCorr   .          Rampage  .   w - +1 pair of gloves {Dex+3}
Will    .....      NoTele   +   V - +2 pair of boots
Stlth   ++++++....              L - amulet of guardian spirit
HPRegen 0.28/turn               t - +6 ring of dexterity
MPRegen 0.13/turn               G - +6 ring of dexterity

@: mighty, short of breath, slowed, studying Poison Magic, very slow
A: breathe steam, AC +8, unfitting armour, cold-blooded, steam resistance
a: Breathe Steam


You were in a Gauntlet.
You visited 2 branches of the dungeon, and saw 16 of its levels.
You also visited: Gauntlet.

You collected 861 gold pieces.
You spent 514 gold pieces at shops.

Inventory:

Hand Weapons
 F - a +0 shortbow of freezing
 Q - the +8 rapier of Cheibriados's Fury {vorpal, rCorr}
   (You found it on level 9 of the Dungeon)

   It inflicts extra damage upon your enemies.
   rCorr:     It protects you from acid and corrosion.
 W - a +0 arbalest
Missiles
 m - 64 poisoned darts
 C - 2 javelins
 H - a curare-tipped dart (quivered)
Armour
 w - a +1 pair of gloves of dexterity (worn)
 x - a +2 cloak (worn)
 T - a +2 pair of gloves
 U - a +2 kite shield
 V - a +2 pair of boots (worn)
Magical Staves
 q - a staff of air
 I - a staff of poison
 M - a staff of cold
Jewellery
 d - a ring of poison resistance
 p - a ring of ice
 t - a +6 ring of dexterity (left hand)
 G - a +6 ring of dexterity (right hand)
 K - a ring of flight
 L - an amulet of guardian spirit (around neck)
 S - a +6 ring of intelligence
 Y - the ring "Asietus" {Dex+3 SInv}
   (You found it in a Gauntlet)

   [ring of see invisible]

   Dex:       It affects your dexterity (+3).
   SInv:      It lets you see invisible.
Wands
 r - a wand of iceblast (8)
 y - a wand of light (10)
 N - a wand of flame (36)
Scrolls
 e - 6 scrolls of teleportation
 h - 4 scrolls of immolation
 i - 2 scrolls of blinking
 o - a scroll of brand weapon
 v - a scroll of silence
 A - a scroll of summoning
 D - 5 scrolls of fog
 J - 2 scrolls of enchant weapon
 O - 3 scrolls of poison
 P - a scroll of vulnerability {unknown}
 R - 3 scrolls of fear
Potions
 a - 3 potions of ambrosia
 c - 3 potions of attraction
 f - 2 potions of cancellation
 g - 2 potions of heal wounds
 j - a potion of brilliance
 k - 5 potions of flight
 l - 2 potions of curing
 n - a potion of magic
 s - a potion of resistance
 u - 2 potions of haste
 z - 2 potions of might
 B - 2 potions of lignification
 E - 2 potions of mutation
Miscellaneous
 b - a phial of floods


   Skills:
 + Level 9.0 Fighting
 + Level 7.6 Dodging
 + Level 11.0 Stealth
 * Level 15.8 Unarmed Combat
 + Level 3.5 Transmutations


You had 5 spell levels left.
You knew the following spells:

 Your Spells              Type           Power      Damage    Failure   Level
a - Blade Hands           Tmut           3%         N/A       92%         5
m - Passwall              Tmut/Erth      2%         N/A       26%         2

Your spell library contained the following spells:

 Spells                   Type           Power      Damage    Failure   Level
 Apportation              Tloc           0%         N/A       34%         1
 Magic Dart               Conj           0%         1d3       34%         1
 Necrotise                Necr           0%         1d4       34%         1
 Sandblast                Erth           0%         2d4       34%         1
 Slow                     Hex            0%         N/A       34%         1
 Summon Small Mammal      Summ           0%         N/A       34%         1
 Call Imp                 Summ           0%         N/A       47%         2
 Static Discharge         Conj/Air       0%         3-3/arc   47%         2
 Ignite Poison            Fire/Tmut/Pois 2%         N/A       54%         3
 Confusing Touch          Hex            0%         N/A       71%         3
 Conjure Flame            Conj/Fire      0%         6-21      71%         3
 Mephitic Cloud           Conj/Pois/Air  0%         N/A       71%         3
 Ozocubu's Armour         Ice            0%         N/A       71%         3
 Portal Projectile        Hex/Tloc       0%         N/A       71%         3
 Stone Arrow              Conj/Erth      0%         3d7       71%         3
 Tukima's Dance           Hex            0%         N/A       71%         3
 Vampiric Draining        Necr           0%         2d6       71%         3
 Dispel Undead            Necr           0%         3d6       98%         4
 Fulminant Prism          Conj/Hex       0%         3d6       98%         4
 Iskenderun's Mystic Bla  Conj/Tloc      0%         2d3       98%         4
 Sticky Flame             Conj/Fire      0%         2d3       98%         4
 Agony                    Necr           0%         N/A       100%        5
 Lee's Rapid Deconstruct  Erth           0%         3d5*      100%        5
 Ozocubu's Refrigeration  Ice            0%         4d5       100%        7
 Borgnjor's Revivificati  Necr           0%         N/A       100%        8
 Necromutation            Tmut/Necr      1%         N/A       100%        8
 Chain Lightning          Conj/Air       0%         N/A       100%        9
 Death's Door             Necr           0%         N/A       100%        9
 Fire Storm               Conj/Fire      0%         5d1       100%        9
 Shatter                  Erth           0%         3d5*      100%        9


Dungeon Overview and Level Annotations

Branches:
Dungeon (14/15)              Lair (2/6) D:9         Gauntlet (1/1)
 Temple: D:4-7        Swamp: Lair:2-3    Shoals: Lair:2-3     Snake: Lair:2-3
 Spider: Lair:2-3       Orc: D:9-12      Vaults: D:13-14

Altars:
Dithmenos
Hepliaklqana
Makhleb
Okawaru
Wu Jian
Zin

Shops:
D:1 (([*   D:4 ?   D:7 *   D:8 (([?   D:12 [   D:14 !

Annotations:
Gauntlet 7 transporters


Innate Abilities, Weirdness & Mutations

You can breathe blasts of scalding, opaque steam.
Your pale cyan-grey scales are hard. (AC +8)
You cannot fit into any form of body armour.
You are cold-blooded and may be slowed by cold attacks.
You are immune to the effects of steam.


Message History

The minotaur is engulfed in a cloud of scalding steam.
The minotaur hits you with a staff of cold!!
The minotaur freezes you. The minotaur misses you.
You closely miss the minotaur.
The minotaur is moderately wounded.
You feel yourself speed up.
The minotaur hits you with a staff of cold!
The minotaur freezes you. The minotaur gores you!
* * * LOW HITPOINT WARNING * * *
Unknown command.
You feel much better.
The minotaur is engulfed in a cloud of scalding steam.
The minotaur hits you with a staff of cold.
The minotaur freezes you.
You feel yourself slow down. The minotaur misses you.
Unknown command.
You barely miss the minotaur.
The minotaur is moderately wounded.
The minotaur hits you with a staff of cold!
* * * LOW HITPOINT WARNING * * *
The minotaur freezes you.
* * * LOW HITPOINT WARNING * * *
You feel as though you will be slow longer.
The minotaur gores you!
* * * LOW HITPOINT WARNING * * *
Unknown command.
Unknown command.
You punch the minotaur! You tail-slap the minotaur!
The minotaur is heavily wounded.
The minotaur hits you with a staff of cold!
* * * LOW HITPOINT WARNING * * *
The minotaur freezes you.
* * * LOW HITPOINT WARNING * * *
You feel as though you will be slow longer.
The minotaur gores you but does no damage.
Unknown command.
Unknown command.
You hit the minotaur but do no damage. You tail-slap the minotaur.
The minotaur is heavily wounded.
The minotaur closely misses you. The minotaur gores you!
You die...

#########
#.H@....#.##
#.#####.#..#
# #.##.#
#..#.#
##.#.#
######.#.#
..........#
#########.#
#.......#


You could see a minotaur.

Vanquished Creatures
  A hydra (Lair:2)
  5 centaur warriors
  A catoblepas (Gauntlet)
  6 two-headed ogres
  A tengu warrior (D:11)
  A death knight (D:13)
  Nergalle (D:11)
  Pikel (D:4)
  A cyclops (shapeshifter) (D:13)
  A manticore (D:11)
  A moth of wrath (Gauntlet)
  2 cyclopes (D:11)
  2 gargoyles
  An unseen horror (D:12)
  An efreet (D:8)
  A kobold demonologist (D:11)
  2 komodo dragons
  4 trolls
  A hornet (D:11)
  Prince Ribbit (D:6)
  4 slime creatures (D:9)
  2 vampires
  7 wraiths
  3 shadows
  Eustachio (D:4)
  16 yaks
  2 basilisks (D:11)
  A small abomination (Gauntlet)
  A steam dragon (D:7)
  4 vampire mosquitoes (D:13)
  2 acid dragons
  4 water moccasins
  Duvessa (D:6)
  3 orc warriors
  An ice beast (D:7)
  2 ogres
  4 black bears
  6 wolves (Gauntlet)
  9 centaurs
  2 lemures (D:3)
  5 kobold brigands
  8 bullfrogs
  2 gnoll sergeants
  A necrophage (D:4)
  3 scorpions
  A wight (D:8)
  Dowan (D:6)
  8 killer bees
  5 electric eels (D:6)
  7 howler monkeys
  A crimson imp (D:8)
  4 hounds
  2 jellies
  2 orc priests
  Crazy Yiuf (D:5)
  An iguana (D:7)
  Natasha (D:2)
  18 orc wizards
  5 adders
  11 gnolls
  A shadow imp (D:8)
  3 white imps
  An ufetubus (D:3)
  2 worms
  5 dart slugs
  22 orcs
  9 bats
  11 endoplasms
  3 giant cockroaches
  9 goblins
  6 hobgoblins
  3 quokkas
  5 ball pythons
  4 frilled lizards
  38 kobolds
  2 rats (D:2)
321 creatures vanquished.

Vanquished Creatures (others)
  A centaur (D:13)
  A fungus (Lair:1)
  12 plants
14 creatures vanquished.

Grand Total: 335 creatures vanquished

Notes
Turn   | Place    | Note
-------+----------+-------------------------------------------
     0 | D:1      | Spectrina the Draconian Monk began the quest for the Orb.
     0 | D:1      | Reached XP level 1. HP: 19/19 MP: 1/1
   126 | D:1      | Reached XP level 2. HP: 10/26 MP: 2/2
   150 | D:1      | Found Roiczac's Weapon Boutique.
   201 | D:1      | Found Gushriune's Antique Armour Shoppe.
   201 | D:1      | Found Vuap's Weapon Shoppe.
   259 | D:1      | Reached skill level 4 in Unarmed Combat
   278 | D:1      | Found Roediluc's Distillery.
   404 | D:1      | Found Losha's General Store.
   411 | D:1      | Bought a potion of curing for 30 gold pieces
   507 | D:1      | Reached XP level 3. HP: 20/31 MP: 3/3
   646 | D:2      | Noticed Natasha
   764 | D:4      | Noticed an ogre
   764 | D:4      | Noticed a lemure
   842 | D:3      | Reached XP level 4. HP: 20/38 MP: 4/4
   951 | D:3      | Reached skill level 5 in Unarmed Combat
  1280 | D:4      | Noticed a lemure
  1280 | D:4      | Noticed a lemure
  1280 | D:4      | Noticed a necrophage
  1311 | D:3      | Killed a lemure
  1644 | D:4      | Noticed a lemure
  1645 | D:4      | Noticed Pikel
  1656 | D:3      | Killed a lemure
  1808 | D:2      | Killed Natasha
  1809 | D:2      | Reached XP level 5. HP: 36/45 MP: 5/5
  1866 | D:4      | Killed Pikel
  1867 | D:4      | Reached skill level 7 in Unarmed Combat
  1867 | D:4      | Reached XP level 6. HP: 38/51 MP: 6/6
  1867 | D:4      | Your scales start taking on a pale cyan-grey colour.
  1867 | D:4      | Reached XP level 7. HP: 42/57 MP: 7/7
  1867 | D:4      | Gained mutation: You are immune to the effects of steam.
                  | [Pale Draconian growth]
  1922 | D:4      | Reached skill level 8 in Unarmed Combat
  1934 | D:5      | Entered Level 5 of the Dungeon
  1989 | D:5      | Found a runed translucent door.
  1990 | D:5      | Noticed Crazy Yiuf
  1996 | D:5      | Killed Crazy Yiuf
  2045 | D:5      | Reached skill level 5 in Stealth
  2084 | D:6      | Reached XP level 8. HP: 63/63 MP: 8/8
  2153 | D:6      | Noticed Prince Ribbit
  2160 | D:6      | Killed Prince Ribbit
  2161 | D:6      | Reached skill level 9 in Unarmed Combat
  2221 | D:6      | Noticed Duvessa
  2221 | D:6      | Noticed Dowan
  2231 | D:6      | Killed Duvessa
  2235 | D:6      | Killed Dowan
  2374 | D:6      | Reached skill level 10 in Unarmed Combat
  2634 | D:7      | Reached XP level 9. HP: 50/70 MP: 9/9
  2869 | D:8      | Reached skill level 11 in Unarmed Combat
  2915 | D:8      | Identified the +1 robe of Articulation {rPois rF+ Str+5}
  2922 | D:8      | Noticed a two-headed ogre
  2929 | D:8      | Noticed a centaur warrior
  2940 | D:8      | Killed a centaur warrior
  2954 | D:8      | Noticed a centaur warrior
  2986 | D:8      | Noticed a two-headed ogre
  3029 | D:8      | Reached skill level 12 in Unarmed Combat
  3309 | D:8      | Killed a centaur warrior
  3310 | D:8      | Reached XP level 10. HP: 65/78 MP: 10/10
  3362 | D:8      | Killed a two-headed ogre
  3421 | D:8      | Killed a two-headed ogre
  3484 | D:8      | Found a shadowy altar of Dithmenos.
  3581 | D:9      | Reached skill level 5 in Fighting
  3595 | D:9      | Reached skill level 13 in Unarmed Combat
  3717 | D:8      | Found Lerut's Antique Armour Boutique.
  3718 | D:8      | Found Unkihuy's Weapon Shoppe.
  3721 | D:8      | Found Betuasae's Antique Weapon Shoppe.
  3721 | D:8      | Found Piuxzeol's Magic Scroll Boutique.
  3744 | D:8      | Bought a scroll of identify for 22 gold pieces
  3744 | D:8      | Bought a scroll of teleportation for 33 gold pieces
  3744 | D:8      | Bought a scroll of noise for 11 gold pieces
  3744 | D:8      | Bought a scroll of identify for 22 gold pieces
  3744 | D:8      | Bought a scroll of blinking for 82 gold pieces
  3744 | D:8      | Bought a scroll of fog for 44 gold pieces
  3748 | D:8      | Upgraded the game from 0.29-a0-857-g9b1aa3ac5b to
                  | 0.29-a0-870-g2c972031a6
  3989 | D:5      | Found an iron altar of Okawaru.
  4007 | D:5      | Found an ornate altar of the Wu Jian Council.
  4019 | D:5      | Found a glowing silver altar of Zin.
  4239 | D:4      | Noticed Eustachio
  4248 | D:4      | Killed Eustachio
  4277 | D:4      | Found Tomeiq Arui's Magic Scroll Shop.
  4282 | D:4      | Bought a scroll of enchant armour for 75 gold pieces
  4282 | D:4      | Bought a scroll of magic mapping for 75 gold pieces
  4282 | D:4      | Bought a scroll of identify for 20 gold pieces
  4282 | D:4      | Bought a scroll of identify for 20 gold pieces
  4282 | D:4      | Bought a scroll of immolation for 40 gold pieces
  4282 | D:4      | Bought a scroll of poison for 40 gold pieces
  4682 | D:7      | Found Houddod's Overcharged Wands.
  4741 | D:7      | Reached XP level 11. HP: 87/89 MP: 11/11
  4919 | D:9      | Identified the +8 rapier of Cheibriados's Fury {vorpal,
                  | rCorr}
  5018 | D:10     | Entered Level 10 of the Dungeon
  5024 | D:10     | Reached skill level 5 in Dodging
  5028 | D:10     | Noticed a two-headed ogre
  5041 | D:10     | Killed a two-headed ogre
  5562 | D:11     | Found a large runed translucent door.
  5563 | D:11     | Found a large runed translucent door.
  5573 | D:11     | Noticed a centaur warrior
  5596 | D:11     | Killed a centaur warrior
  5597 | D:11     | Reached skill level 14 in Unarmed Combat
  5600 | D:11     | Found a large runed translucent door.
  5600 | D:11     | Found a large runed translucent door.
  5604 | D:11     | Got Seen Isy's Discourse on the Dynamic Boulder
  5606 | D:11     | Noticed Nergalle
  5893 | D:13     | Noticed a centaur warrior
  5911 | D:13     | Noticed a death knight
  5954 | D:13     | Killed a death knight
  6165 | D:10     | Found a hazy altar of Hepliaklqana.
  6205 | D:10     | Reached skill level 10 in Stealth
  6298 | D:10     | Found a burning altar of Makhleb.
  6512 | D:9      | Noticed a two-headed ogre
  6520 | D:9      | Killed a two-headed ogre
  6542 | D:9      | Reached XP level 12. HP: 80/100 MP: 9/12
  6557 | D:9      | Learned a level 5 spell: Blade Hands
  6585 | D:9      | Noticed a two-headed ogre
  6603 | D:9      | Killed a two-headed ogre
  6773 | D:11     | Killed Nergalle
  6812 | D:11     | Noticed a centaur warrior
  6817 | D:11     | Noticed a two-headed ogre
  6833 | D:12     | HP: 4/95 [barbs]
  7014 | D:7      | Identified the +0 robe "Vies" {rCorr Int+3 Slay+2 Archmagi}
  7179 | D:6      | Reached skill level 15 in Unarmed Combat
  7367 | D:11     | Reached skill level 1 in Transmutations
  7426 | D:11     | Noticed a tengu warrior
  7472 | D:11     | Killed a two-headed ogre
  7515 | D:11     | Killed a centaur warrior
  7695 | D:11     | Killed a tengu warrior
  7979 | D:13     | Noticed a centaur warrior
  7991 | D:13     | Killed a centaur warrior
  8001 | D:14     | Noticed a two-headed ogre
  8001 | D:14     | Found Zaqaot's Distillery.
  8206 | D:12     | Found Ucwefuup's Antique Armour Shop.
  8365 | D:8      | You fall into a shaft and drop 1 floor!
  8404 | D:9      | Found a staircase to the Lair.
  8408 | Lair:1   | Entered Level 1 of the Lair of Beasts
  8454 | Lair:1   | Learned a level 2 spell: Passwall
  8457 | Lair:2   | Noticed a five-headed hydra
  8473 | Lair:2   | Killed a five-headed hydra
  8479 | Lair:2   | Found a gate leading to a gauntlet.
  8488 | Gauntlet | Entered a Gauntlet
  8488 | Gauntlet | Noticed a catoblepas
  8488 | Gauntlet | Found a transporter.
  8488 | Gauntlet | Found a runed translucent gate.
  8488 | Gauntlet | Found a runed translucent gate.
  8491 | Gauntlet | Found a runed translucent gate.
  8491 | Gauntlet | Found a transporter.
  8493 | Gauntlet | Found a transporter.
  8505 | Gauntlet | Found the +10 tower shield of Ignorance {rN+ Int-4}
  8507 | Gauntlet | Found a transporter.
  8508 | Gauntlet | Found a transporter.
  8516 | Gauntlet | Found a transporter.
  8532 | Gauntlet | Found a transporter.
  8542 | Gauntlet | Found a transporter.
  8552 | Gauntlet | Found a transporter.
  8570 | Gauntlet | Found a transporter.
  8575 | Gauntlet | Found a transporter.
  8578 | Gauntlet | Found a transporter.
  8620 | Gauntlet | Killed a catoblepas
  8649 | Gauntlet | Found a transporter.
  8672 | Gauntlet | Reached XP level 13. HP: 111/111 MP: 9/13
  8724 | Gauntlet | Identified the ring "Asietus" {Dex+3 SInv}
  8759 | Gauntlet | Noticed a minotaur
  8769 | Gauntlet | Slain by a minotaur

Illustrated notes

Levels and vault maps discovered:
D:1:      kennysheep_arrival_seaside, layout_loops_ring, serial_shops,
          shop_fountains, shop, shop, nicolae_diamond_shop,
          nicolae_shop_bloodbath_and_beyond
D:2:      layout_basic, grunt_ministairs_2, kennysheep_cross_bottleneck,
          kennysheep_generic_room_3, uniq_robin, uniq_natasha
D:3:      layout_loops_ring, serial_park_tiny_2, hex_large,
          minmay_misc_feat_square, minmay_increasing_density
D:4:      layout_basic, minmay_temple_entry_fiery, serial_shops, shop_statue,
          minmay_crossroads, uniq_eustachio, uniq_pikel
D:5:      layout_basic, mainiacjoe_overflow_small_starburst,
          nicolae_overflow_quartered_altars, uniq_ijyb, uniq_crazy_yiuf_cottage
D:6:      wad_lake_hut, layout_basic, serial_glass, glass_columns_b,
          glass_columns_a, uniq_prince_ribbit1, uniq_duvessa
D:7:      layout_rooms, nicolae_shop_overcharged_wands
D:8:      minmay_the_grid_plus_closed [minmay_the_grid_plusring,
          minmay_the_grid_slots, minmay_the_grid_dragon_a,
          minmay_the_grid_garden, minmay_the_grid_prize_four_corners_diamond_a],
          layout_basic, nicolae_dithmenos_through_a_glass_darkly, minmay_holes,
          nicolae_wooded_promenade, minmay_fire_ice_demons
D:9:      layout_roguey, lair_entry_dummy, chequers_serial_rivers_room_a
D:10:     layout_cave_pools, general_overflow_altar,
          mainiacjoe_overflow_chevrons, nzn_life_drinkers
D:11:     layout_cave_pools, chequers_arboretum, minmay_hollow_rounded_squares,
          uniq_nergalle
D:12:     layout_loops_ring, erik_orc_1, serial_shops, nicolae_shop_crystal
D:13:     layout_roguey, grunt_vaults_entry_fortified, minivault_5, uniq_nessos
D:14:     layout_grid_maze, serial_shops, nicolae_shop_statue_plus,
          nicolae_stop_n_shop_2, serial_park_tiny_pond, serial_park_tiny_1,
          kiku_gazebo_pond_becter, uniq_roxanne
Lair:1:   layout_small_grid
Lair:2:   layout_hall_layers, gauntlet_entry_generic, beast_lair_carwin_8,
          uniq_urug
Gauntlet: minmay_gauntlet_77_tree [minmay_gauntlet_arena_77_run_for_it,
          minmay_gauntlet_arena_77_chump_sandwich,
          minmay_gauntlet_arena_77_terracotta_army,
          minmay_gauntlet_arena_77_two_lines, minmay_gauntlet_arena_77_mess,
          minmay_gauntlet_arena_77_two_paths, minmay_gauntlet_arena_77_p_blocks,
          dreamdust_gauntlet_exit_labyrinth]

Skill      XL: |  1  2  3  4  5  6  7  8  9 10 11 12 |
---------------+-------------------------------------+-----
Unarmed Combat | 4 5 7 8 10 12 13 14 15 | 15.8
Stealth        | 2 4 5 6 8 9 10 11 | 11.0
Dodging        | 3 4 6 7 |  7.6
Fighting       | 5 7 9 |  9.0
Transmutations | 3 |  3.5

Action                   |  1- 3 |  4- 6 |  7- 9 | 10-12 | 13-15 || total
-------------------------+-------+-------+-------+-------+-------++-------
Melee: Unarmed           |    11 |    11 |   111 |   332 |     7 ||   472
       Dagger            |    75 |    90 |       |       |       ||   165
       Tailslap          |    14 |    19 |    13 |    59 |     2 ||   107
       Punch             |     5 |     3 |     3 |    39 |       ||    50
Throw: Dart              |       |       |       |     6 |       ||     6
 Abil: Breathe Steam     |       |       |    37 |   143 |     2 ||   182
Evoke: Wand              |       |       |       |     3 |       ||     3
  Use: Potion            |     4 |     1 |     1 |    10 |     2 ||    18
       Scroll            |     3 |     2 |     1 |    15 |     1 ||    22
 Stab: Sleeping          |     4 |     9 |     8 |     9 |       ||    30
       Distracted        |       |     1 |       |     1 |       ||     2
       Invisible         |       |       |       |     6 |       ||     6
Armor: Skin              |    26 |    29 |    38 |   165 |     4 ||   262
Dodge: Dodged            |    64 |    77 |    79 |   321 |     5 ||   546

Table legend: (Time is in decaauts)
 A = Elapsed time spent in this place.
 B = Non-inter-level travel time spent in this place.
 C = Inter-level travel time spent in this place.
 D = Time resting spent in this place.
 E = Time spent auto-exploring this place.
 F = Levels seen in this place.
 G = Mean time per level.
                   A        B        C        D        E       F      G
               +--------+--------+--------+--------+--------+-----+--------+
         Total |   8750 |   7516 |   1234 |     68 |      0 |  17 |  514.7 |
       Dungeon |   8387 |   7153 |   1234 |     51 |      0 |  14 |  599.1 |
          Lair |     75 |     75 |      0 |      0 |      0 |   2 |   37.5 |
      Gauntlet |    288 |    288 |      0 |     17 |      0 |   1 |  288.0 |
               +--------+--------+--------+--------+--------+-----+--------+

Top non-repeatable levels by time:
     D:8: 1308 daAuts
    D:11: 851 daAuts
     D:6: 817 daAuts
     D:3: 751 daAuts
    D:10: 745 daAuts
     D:9: 677 daAuts
     D:1: 599 daAuts
    D:12: 578 daAuts
     D:4: 560 daAuts
     D:2: 440 daAuts
     D:7: 396 daAuts
    D:13: 368 daAuts
Gauntlet: 288 daAuts
     D:5: 284 daAuts
  Lair:1: 48 daAuts
